 Dungeon Crawl Stone Soup version 0.26-a0-812-g31a745ddcd (webtiles) character file.

Game seed: 13780985955679378804

91 polelong the Magician (level 4, -8/32 HPs)
             Began as a Gnoll Hedge Wizard on Dec 8, 2020.
             Mangled by Crazy Yiuf
             ... wielding a +2 quarterstaff of chaos
              (11 damage)
             ... on level 2 of the Dungeon.
             The game lasted 00:15:33 (2211 turns).

polelong the Magician (Gnoll Hedge Wizard)          Turns: 2211, Time: 00:15:34

Health: -8/32      AC:  4    Str: 12    XL:     4   Next: 59%
Magic:  4/13       EV: 14    Int: 18    God:
Gold:   73         SH:  0    Dex: 14    Spells: 13/17 levels left

rFire    + . .     SeeInvis .   a - +0 dagger
rCold    . . .     Faith    .   (no shield)
rNeg     . . .     Spirit   .   b - +0 robe
rPois    .         Reflect  .   e - +1 helmet
rElec    .         Harm     .   (no cloak)
rCorr    .         Rampage  .   (no gloves)
MR       .....                  (no boots)
Stlth    +++.......             (no amulet)
HPRegen  0.10/turn              l - ring of protection from fire
MPRegen  0.13/turn              (no ring)

@: hasted, very quick
A: distributed training, fangs 1, strong nose
a: no special abilities


You were on level 2 of the Dungeon.
You visited 1 branch of the dungeon, and saw 2 of its levels.

You collected 73 gold pieces.

Inventory:

Hand Weapons
 a - a +0 dagger (weapon)
Armour
 b - a +0 robe (worn)
 c - a +0 hat
 e - a +1 helmet (worn)
Jewellery
 l - a ring of protection from fire (left hand)
Scrolls
 h - 2 scrolls of identify {unknown}
 i - a scroll of enchant weapon {unknown}
 k - a scroll of magic mapping {unknown}
 m - a scroll of teleportation {unknown}
 n - a scroll of fog {unknown}


   Skills:
 + Level 1.2 Fighting
 + Level 1.2 Short Blades
 + Level 1.2 Long Blades
 + Level 1.2 Axes
 + Level 1.2 Maces & Flails
 + Level 1.2 Polearms
 + Level 1.2 Staves
 + Level 1.2 Slings
 + Level 1.2 Bows
 + Level 1.2 Crossbows
 + Level 1.2 Throwing
 + Level 1.2 Armour
 + Level 4.6 Dodging
 + Level 4.3 Stealth
 + Level 1.2 Shields
 + Level 1.2 Unarmed Combat
 + Level 7.2 Spellcasting
 + Level 2.2 Conjurations
 + Level 1.0 Hexes
 + Level 2.2 Summonings
 + Level 1.0 Necromancy
 + Level 2.2 Translocations
 + Level 1.0 Transmutations
 + Level 1.0 Fire Magic
 + Level 1.0 Ice Magic
 + Level 1.0 Air Magic
 + Level 1.0 Earth Magic
 + Level 1.0 Poison Magic
 + Level 1.3 Invocations
 + Level 1.2 Evocations


You had 13 spell levels left.
You knew the following spells:

 Your Spells              Type           Power        Failure   Level
a - Magic Dart            Conj           ##..         4%          1
b - Conjure Flame         Conj/Fire      ##......     16%         3

Your spell library contained the following spells:

 Spells                   Type           Power        Failure   Level
 Blink                    Tloc           N/A          6%          2
 Call Imp                 Summ           ##......     6%          2
 Slow                     Hex            ##......     11%         2
 Mephitic Cloud           Conj/Pois/Air  ##......     19%         3


Dungeon Overview and Level Annotations

Branches:
Dungeon (2/15)

Altars:
Fedhas

Annotations:
D:2 Crazy Yiuf


Innate Abilities, Weirdness & Mutations

Your experience applies equally to all skills.
You have very sharp teeth.
Your uncanny sense of smell can sniff out nearby items.


Message History

Crazy Yiuf is heavily wounded.
Crazy Yiuf whimpers, "Race mumblescurry Xom!"
Crazy Yiuf hits you with a +2 quarterstaff of chaos!
* * * LOW HITPOINT WARNING * * *
Casting: Conjure Flame (quite dangerous; 16% risk of failure)
Confirm with . or Enter, or press ? or * to list all spells.
Aiming: Magic Dart (safe; 4% risk of failure)
Press: ? - help, Shift-Dir - straight line, f/p - Crazy Yiuf
Aim: Crazy Yiuf, wielding a +2 quarterstaff of chaos and wearing a +0 cloak (heavily wounded)
The magic dart hits Crazy Yiuf.
Crazy Yiuf is heavily wounded.
Crazy Yiuf closely misses you.
As you read the scroll labelled POFRUW TAUTEOS, it crumbles to dust.
You feel blessed for a moment.
It was a scroll of remove curse.
Unknown command.
As you read the scroll labelled ZAROUT GIZXECK, it crumbles to dust.
The creatures around you are filled with an inner flame!
It was a scroll of immolation.
Crazy Yiuf hits you with a +2 quarterstaff of chaos!
You die...

########### ##### #..........
#)..# ###........ #...#
#...[###### ... ###..#... #g#
###..#.#### ♣@♣♣ #..........
♣♣.♣ ###..#.#### ♣.♣♣ #..#.#
♣♣.♣ #..#.# . ...### .# ♣♣.♣♣
###..#)# .. ....##.# ♣♣.P.♣
#...))(# #.###......# ♣P..P♣
###..#)# ...........# ##..##
###.†#.#
...........####....###......#


You could see Crazy Yiuf (inner flame).

Vanquished Creatures
  Robin (D:2)
  An adder (D:2)
  A worm (D:2)
  2 dart slugs
  A leopard gecko (D:2)
  A giant cockroach (D:1)
  12 goblins
  9 hobgoblins
  10 jackals
  6 kobolds
  A ball python (D:2)
  2 bats
  8 frilled lizards
  3 rats
58 creatures vanquished.

Vanquished Creatures (others)
  2 fungi (D:2)
2 creatures vanquished.

Grand Total: 60 creatures vanquished

Notes
Turn   | Place    | Note
-------+----------+-------------------------------------------
     0 | D:1      | polelong the Gnoll Hedge Wizard began the quest for the
                  | Orb.
     0 | D:1      | Reached XP level 1. HP: 13/13 MP: 8/8
   117 | D:1      | Reached XP level 2. HP: 19/19 MP: 1/10
   721 | D:1      | Reached XP level 3. HP: 25/25 MP: 2/11
   924 | D:1      | Learned a level 3 spell: Conjure Flame
  1331 | D:2      | Reached skill level 1 in Invocations
  1419 | D:2      | Noticed Robin
  1456 | D:2      | Killed Robin
  1456 | D:2      | Reached skill level 1 in Fighting
  1456 | D:2      | Reached skill level 1 in Short Blades
  1456 | D:2      | Reached skill level 1 in Long Blades
  1456 | D:2      | Reached skill level 1 in Axes
  1456 | D:2      | Reached skill level 1 in Maces & Flails
  1456 | D:2      | Reached skill level 1 in Polearms
  1456 | D:2      | Reached skill level 1 in Staves
  1456 | D:2      | Reached skill level 1 in Slings
  1456 | D:2      | Reached skill level 1 in Bows
  1456 | D:2      | Reached skill level 1 in Crossbows
  1456 | D:2      | Reached skill level 1 in Throwing
  1456 | D:2      | Reached skill level 1 in Armour
  1456 | D:2      | Reached skill level 1 in Shields
  1456 | D:2      | Reached skill level 1 in Unarmed Combat
  1456 | D:2      | Reached skill level 1 in Evocations
  1456 | D:2      | Reached XP level 4. HP: 12/32 MP: 7/13
  2048 | D:2      | Found a blossoming altar of Fedhas.
  2123 | D:2      | Reached skill level 1 in Hexes
  2123 | D:2      | Reached skill level 1 in Necromancy
  2123 | D:2      | Reached skill level 1 in Transmutations
  2123 | D:2      | Reached skill level 1 in Fire Magic
  2123 | D:2      | Reached skill level 1 in Ice Magic
  2123 | D:2      | Reached skill level 1 in Air Magic
  2123 | D:2      | Reached skill level 1 in Earth Magic
  2123 | D:2      | Reached skill level 1 in Poison Magic
  2196 | D:2      | Found a runed translucent door.
  2197 | D:2      | Noticed Crazy Yiuf
  2211 | D:2      | Mangled by Crazy Yiuf

Illustrated notes

Levels and vault maps discovered:
D:1:      matt_arrival_grand_opening, layout_basic
D:2:      layout_basic, lemuel_crystal_altar, overflow_temple_1_default,
          uniq_crazy_yiuf_cottage, uniq_robin

Skill      XL: |  1  2  3  4 |
---------------+-------------+-----
Conjurations   | 2 |  2.2
Summonings     | 2 |  2.2
Translocations | 2 |  2.2
Invocations    | 1 |  1.3
Fighting       | 1 |  1.2
Short Blades   | 1 |  1.2
Long Blades    | 1 |  1.2
Axes           | 1 |  1.2
Maces & Flails | 1 |  1.2
Polearms       | 1 |  1.2
Staves         | 1 |  1.2
Slings         | 1 |  1.2
Bows           | 1 |  1.2
Crossbows      | 1 |  1.2
Throwing       | 1 |  1.2
Armour         | 1 |  1.2
Shields        | 1 |  1.2
Unarmed Combat | 1 |  1.2
Evocations     | 1 |  1.2
Hexes          | 1 |  1.0
Necromancy     | 1 |  1.0
Transmutations | 1 |  1.0
Fire Magic     | 1 |  1.0
Ice Magic      | 1 |  1.0
Air Magic      | 1 |  1.0
Earth Magic    | 1 |  1.0
Poison Magic   | 1 |  1.0
Dodging        | |  4.6
Stealth        | |  4.3
Spellcasting   | |  7.2

Action                   |  1- 3 |  4- 6 || total
-------------------------+-------+-------++-------
Melee: Dagger            |    23 |    16 ||    39
       Bite              |     5 |     1 ||     6
 Cast: Magic Dart        |    87 |    54 ||   141
       Conjure Flame     |     2 |     3 ||     5
  Use: Potion            |     3 |       ||     3
       Scroll            |       |     2 ||     2
Armor: Robe              |     4 |     8 ||    12
       Skin              |    13 |     6 ||    19
Dodge: Dodged            |    50 |    19 ||    69

Table legend: (Time is in decaauts)
 A = Elapsed time spent in this place.
 B = Non-inter-level travel time spent in this place.
 C = Inter-level travel time spent in this place.
 D = Time resting spent in this place.
 E = Time spent auto-exploring this place.
 F = Levels seen in this place.
 G = Mean time per level.
                   A        B        C        D        E       F      G
               +--------+--------+--------+--------+--------+-----+--------+
         Total |   2205 |   2203 |      2 |    352 |   1451 |   2 | 1102.5 |
       Dungeon |   2205 |   2203 |      2 |    352 |   1451 |   2 | 1102.5 |
               +--------+--------+--------+--------+--------+-----+--------+

Top non-repeatable levels by time:
     D:1: 1282 daAuts
     D:2: 922 daAuts
